 Dungeon Crawl Stone Soup version 0.17.0-57-g0e89251 (webtiles) character file.

9719 PossumBlood the Carver (level 11, -14/89 HPs)
             Began as a Formicid Fighter on Dec 7, 2015.
             Was a High Priest of Okawaru.
             Demolished by a hill giant
             ... wielding a cursed +0 giant club
              (15 damage)
             ... on level 10 of the Dungeon.
             The game lasted 00:47:51 (9485 turns).

PossumBlood the Carver (Formicid Fighter)           Turns: 9485, Time: 00:47:51

Health: -14/89     AC: 21    Str: 27    XL:     11   Next: 79%
Magic:  10/11      EV: 11    Int:  8    God:    Okawaru [*****.]
Gold:   434        SH: 16    Dex: 10    Spells: 0 memorised, 10 levels left

rFire  + . .     SeeInvis +     a - +1 long sword
rCold  . . .     Clarity  .     o - +2 chain mail {rPois}
rNeg   + . .     SustAt   .     v - +2 shield
rPois  +         Gourm    .     (helmet unavailable)
rElec  .         Spirit   .     j - +1 cloak
rCorr  .         Warding  +     R - +1 pair of gloves {Str+3}
rMut   .         Stasis   +     (no boots)
MR     ++...                    I - amulet of warding
Stlth  +.........               P - ring of protection from magic
                                h - ring of stealth

@: heroism, very resistant to hostile enchantments, very unstealthy
A: permanent stasis, dig shafts and tunnels, four strong arms, antennae 3, beak,
fire resistance 1, shaggy fur 1
a: Dig, Shaft Self, Heroism, Renounce Religion


You were on level 10 of the Dungeon.
You worshipped Okawaru.
Okawaru was extremely pleased with you.
You were not hungry.

You visited 2 branches of the dungeon, and saw 11 of its levels.
You also visited: Sewer.

You collected 434 gold pieces.

Inventory:

Hand Weapons
 a - a +1 long sword (weapon)
 A - a +4 quarterstaff of chaos
 C - a +0 battleaxe
 G - a +2 whip of flaming
Armour
 c - a +0 shield
 j - a +1 cloak (worn)
 o - a +2 chain mail of poison resistance (worn)
 t - a +0 plate armour
 v - a +2 shield (worn)
 w - a +0 ring mail of fire resistance
 E - a +2 ring mail of fire resistance
 J - a +1 scale mail of fire resistance
 R - a +1 pair of gloves of strength (worn)
Jewellery
 h - a ring of stealth (left hand)
 k - an uncursed amulet of guardian spirit
 I - an amulet of warding (around neck)
 L - an uncursed ring of stealth
 P - a ring of protection from magic (right hand)
Wands
 e - a wand of fireball (4)
 g - a wand of digging (10)
 x - a wand of paralysis (10)
 z - a wand of polymorph (4)
 T - a wand of paralysis (12)
Scrolls
 b - 7 scrolls of identify
 i - 2 scrolls of magic mapping
 p - 6 scrolls of remove curse
 q - 2 scrolls of enchant weapon
 F - 2 scrolls of teleportation
 K - 2 scrolls of noise
 U - a scroll of fear
Potions
 d - 3 potions of might
 l - 3 potions of flight {unknown}
 m - 2 potions of poison {unknown}
 r - 3 potions of ambrosia
 B - 2 potions of haste
 D - a potion of lignification {unknown}
 H - 3 potions of brilliance {unknown}
 N - a potion of agility {unknown}
 O - 2 potions of degeneration {unknown}
 Q - a potion of magic {unknown}
Books
 s - a book of Ice

   Spells                             Type                      Level
   a - Ice Form                       Ice/Transmutation            4
   b - Metabolic Englaciation         Hexes/Ice                    5
   c - Ozocubu's Refrigeration        Ice                          6
   d - Bolt of Cold                   Conjuration/Ice              6
   e - Freezing Cloud                 Conjuration/Ice/Air          6
   f - Simulacrum                     Ice/Necromancy               6
 y - a book of Transfigurations

   Spells                             Type                      Level
   a - Stoneskin                      Transmutation/Earth          2
   b - Irradiate                      Conjuration/Transmutation    5
   c - Statue Form                    Transmutation/Earth          6
   d - Hydra Form                     Transmutation                6
   e - Dragon Form                    Transmutation                7
Comestibles
 f - a beef jerky
 n - 3 meat rations
 u - 7 royal jellies
 M - 4 fruits
 S - a slice of pizza


   Skills:
 + Level 9.3(14.3) Fighting
 * Level 11.5(16.5) Long Blades
 + Level 9.0(14.0) Armour
 + Level 10.2(15.2) Shields


You had 10 spell levels left.
You didn't know any spells.

Dungeon Overview and Level Annotations

Branches:
Dungeon (10/15)            Temple (1/1) D:5            Lair (0/8) D:9
    Orc: D:9-12

Altars:
Ashenzari
Cheibriados
Dithmenos
Elyvilon
Fedhas
Gozag
Kikubaaqudgha
Makhleb
Nemelex Xobeh
Okawaru
Qazlal
Ru
Sif Muna
Trog
Vehumet
Xom
Yredelemnul
Zin
The Shining One


Innate Abilities, Weirdness & Mutations

You are under a permanent stasis effect.
You can dig through walls and to a lower floor.
Your four strong arms can wield two-handed weapons with a shield.
You have a pair of large antennae on your head (SInv).
You have a beak for a mouth.
Your flesh is heat resistant.
You are covered in fur (AC +1).


Message History

The jackal bites you.
* * * LOW HITPOINT WARNING * * *
The crimson imp blinks!
The jackal bites you but does no damage.
The jackal barely misses you. The orc hits you but does no damage.
You try to slip out of the net.
The jackal bites you but does no damage.
The orc priest hits you but does no damage.
The jackal bites you but does no damage. x2
You slice into the net.
The jackal bites you but does no damage. x2
The orc closely misses you.
The orc priest hits you from afar with a trident.
* * * LOW HITPOINT WARNING * * *
The jackal bites you but does no damage.
You slice the net and break free! You block the jackal's attack.
You block the orc's attack. The jackal barely misses you.
The orc priest closely misses you.
The hill giant hits you with a giant club!
You die...

............####
................
...............
...............
............#
...........#
.......<5..###
......o.ho...##
......hh@.....#
h......C#....##
........######
.......##
......# ######


You could see a hill giant, an orc priest, a crimson imp, an orc and 3 jackals.

Vanquished Creatures
  The ghost of donomii the Fighter, a novice OgHu of Okawaru (D:6)
  Pikel (D:7)
  A hill giant (D:9)
  An ugly thing (D:10)
  A queen bee (D:8)
  A two-headed ogre (D:9)
  Prince Ribbit (D:9)
  A deep elf mage (D:9)
  2 wyverns
  A hungry ghost (D:9)
  7 yaks (D:9)
  2 hippogriffs (D:8)
  A water moccasin (D:6)
  Edmund (D:4)
  A slave (D:7)
  2 orc warriors
  Duvessa (D:7)
  An ice beast (D:7)
  3 sky beasts
  3 ogres
  2 phantoms
  2 centaurs
  8 big kobolds
  Blork the orc (D:4)
  3 giant frogs
  Dowan (D:7)
  A water moccasin zombie (D:6)
  6 scorpions
  27 killer bees (D:8)
  3 crimson imps
  A centaur zombie (D:5)
  A jelly (D:3)
  3 orc priests
  6 orc wizards
  2 giant frog skeletons
  Crazy Yiuf (D:3)
  3 hounds
  5 iguanas
  Jessica (D:3)
  Terence (D:3)
  Natasha (thrice) (D:3)
  9 worker ants
  A killer bee zombie (D:7)
  4 hound skeletons
  A worker ant zombie (D:5)
  13 adders
  2 river rats (Sewer)
  A shadow imp (D:5)
  An adder zombie (D:5)
  4 worms
  5 adder skeletons
  5 giant geckos
  24 orcs
  4 ball pythons
  8 giant cockroaches
  6 goblins
  6 hobgoblins
  21 kobolds
  3 quokkas
  A ball python skeleton (D:6)
  7 bats
  18 giant newts
  14 jackals
  14 rats
286 creatures vanquished.

Notes
Turn   | Place    | Note
--------------------------------------------------------------
     0 | D:1      | PossumBlood the Formicid Fighter began the quest for the Orb.
     0 | D:1      | Reached XP level 1. HP: 18/18 MP: 1/1
    97 | D:1      | Reached XP level 2. HP: 22/24 MP: 2/2
   522 | D:1      | Reached XP level 3. HP: 29/29 MP: 3/3
  1023 | D:2      | Reached skill level 4 in Shields
  1230 | D:2      | Gained mutation: Your flesh is heat resistant. [potion of mutation]
  1230 | D:2      | Gained mutation: You are covered in fur (AC +1). [potion of mutation]
  1230 | D:2      | Gained mutation: You have a beak for a mouth. [potion of mutation]
  1278 | D:3      | Reached XP level 4. HP: 19/37 MP: 2/4
  1638 | D:3      | Reached XP level 5. HP: 42/42 MP: 5/5
  1664 | D:3      | Noticed Natasha
  1672 | D:3      | Killed Natasha
  1680 | D:3      | Noticed Jessica
  1700 | D:3      | Killed Jessica
  2087 | D:3      | Noticed Terence
  2119 | D:3      | Killed Terence
  2119 | D:3      | Reached XP level 6. HP: 34/48 MP: 2/6
  2213 | D:3      | Noticed Natasha
  2218 | D:3      | Killed Natasha
  2294 | D:3      | Reached skill level 5 in Shields
  2560 | D:3      | Noticed Natasha
  2566 | D:3      | Killed Natasha
  2659 | D:3      | Noticed Crazy Yiuf
  2667 | D:3      | Killed Crazy Yiuf
  3009 | D:4      | Reached skill level 5 in Long Blades
  3009 | D:4      | Reached XP level 7. HP: 51/55 MP: 7/7
  3074 | D:4      | Noticed Blork the orc
  3089 | D:4      | Killed Blork the orc
  3436 | D:4      | Found a shimmering altar of Xom.
  3437 | D:4      | Found a shimmering altar of Xom.
  3438 | D:4      | Found a shimmering altar of Xom.
  3439 | D:4      | Found a shimmering altar of Xom.
  3439 | D:4      | Found a shimmering altar of Xom.
  3439 | D:4      | Found a shimmering altar of Xom.
  3608 | D:4      | Noticed Edmund
  3624 | D:4      | Killed Edmund
  3624 | D:4      | Reached skill level 5 in Fighting
  3624 | D:4      | Reached skill level 5 in Armour
  3624 | D:4      | Reached XP level 8. HP: 52/62 MP: 6/8
  3706 | D:4      | Reached skill level 6 in Long Blades
  3910 | D:5      | Entered Level 5 of the Dungeon
  4022 | D:5      | Found a staircase to the Ecumenical Temple.
  4143 | Temple   | Entered the Ecumenical Temple
  4246 | Temple   | Became a worshipper of Warmaster Okawaru
  4471 | D:5      | Found a glowing drain.
  4499 | Sewer    | Entered a sewer
  5224 | D:6      | Noticed donomii's ghost (novice OgHu)
  5244 | D:6      | Killed donomii's ghost
  5244 | D:6      | Reached * piety under Okawaru
  5244 | D:6      | Reached ** piety under Okawaru
  5244 | D:6      | Reached skill level 7 in Long Blades
  5244 | D:6      | Reached XP level 9. HP: 25/71 MP: 9/9
  5507 | D:6      | Reached skill level 8 in Long Blades
  5909 | D:7      | Noticed Duvessa
  5911 | D:7      | Noticed Dowan
  5925 | D:7      | Killed Duvessa
  5950 | D:7      | Killed Dowan
  5950 | D:7      | Reached *** piety under Okawaru
  5950 | D:7      | Reached XP level 10. HP: 70/79 MP: 10/10
  6100 | D:7      | Reached skill level 9 in Long Blades
  6145 | D:7      | Noticed Pikel
  6175 | D:7      | Killed Pikel
  6797 | D:7      | Found a snail-covered altar of Cheibriados.
  6975 | D:8      | Reached **** piety under Okawaru
  7036 | D:8      | Reached skill level 10 in Long Blades
  7113 | D:8      | Reached ***** piety under Okawaru
  7322 | D:8      | Reached XP level 11. HP: 72/86 MP: 11/11
  8250 | D:9      | Noticed Prince Ribbit
  8381 | D:9      | Reached skill level 11 in Long Blades
  8852 | D:9      | Received a gift from Okawaru
  9066 | D:9      | Found a staircase to the Lair.
  9378 | D:9      | Killed Prince Ribbit
  9378 | D:9      | Reached skill level 10 in Shields
  9396 | D:9      | Noticed a hill giant
  9406 | D:9      | Killed a hill giant
  9459 | D:10     | Entered Level 10 of the Dungeon
  9459 | D:10     | Noticed a cyan ugly thing
  9475 | D:10     | Noticed a hill giant
  9478 | D:10     | HP: 2/89 [orc priest/trident (4)]
  9480 | D:10     | Killed a cyan ugly thing
  9484 | D:10     | HP: 1/89 [orc priest/trident (2)]
  9485 | D:10     | Demolished by a hill giant

Action                   |  1- 3 |  4- 6 |  7- 9 | 10-12 || total
-------------------------+-------+-------+-------+-------++-------
Melee: Long sword        |   118 |   184 |   357 |   705 ||  1364
       Unarmed           |       |     5 |       |       ||     5
Invok: Heroism           |       |       |       |     4 ||     4
 Abil: Dig               |       |       |     4 |       ||     4
  Use: Scroll            |     8 |     3 |     4 |     3 ||    18
       Potion            |     1 |       |     1 |     9 ||    11
  Eat: Fruit             |     1 |     4 |       |     2 ||     7
       Bread ration      |       |     1 |     1 |     2 ||     4
       Pizza             |       |     1 |       |       ||     1
       Meat ration       |       |       |     1 |       ||     1
       Beef jerky        |       |       |       |     2 ||     2
